 Dungeon Crawl Stone Soup version 0.31-a0-75-g6fe912e8c5 (webtiles) character file.

Game seed: 434501583606912946

62 lunkers the Trooper (level 4, -2/42 HPs)
             Began as a Meteoran Wanderer on May 23, 2023.
             Shot with an arrow by an orc (3 damage)
             ... on level 3 of the Dungeon.
             The game lasted 00:03:21 (589 turns).

lunkers the Trooper (Meteoran Wanderer)              Turns: 589, Time: 00:03:22

Health: -2/42      AC:  5    Str: 15    XL:     4   Next: 53%
Magic:  5/5        EV:  9    Int: 10    God:
Gold:   44         SH:  4    Dex: 17    Spells: 3/3 levels left

rFire   + . .        a - +1 long sword
rCold   . . .        b - +0 buckler
rNeg    . . .        i - +0 ring mail
rPois   .            (no helmet)
rElec   .            (no cloak)
rCorr   .            (no gloves)
SInv    .            (no boots)
Will    .....        (no amulet)
Stlth   +            e - ring of protection from fire
HPRegen 0.27/turn    (no ring)
MPRegen 0.09/turn

%: no passive effects
@: glowing
A: sense surroundings 1, otherworldly, glowing, explore regen
a: no special abilities


You were on level 3 of the Dungeon.
You visited 1 branch of the dungeon, and saw 3 of its levels.

You collected 44 gold pieces.

Inventory:

Hand Weapons
 a - a +1 long sword (weapon)
Armour
 b - a +0 buckler (worn)
 d - a +0 leather armour
 i - a +0 ring mail (worn)
Jewellery
 e - a ring of protection from fire (left hand)
Scrolls
 c - a scroll of blinking
 f - a scroll of identify {unknown}
 g - a scroll of immolation {unknown}
 j - a scroll of vulnerability {unknown}
 k - a scroll of amnesia {unknown}
 l - a scroll of magic mapping {unknown}
Potions
 h - a potion of curing {unknown}
 m - a potion of enlightenment {unknown}
 n - a potion of ambrosia {unknown}


   Skills:
 - Level 5.4 Fighting
 + Level 5.1 Long Blades
 - Level 1.2 Throwing
 - Level 1.0 Stealth
 - Level 1.2 Shields


You had 3 spell levels left.
You didn't know any spells.
Your spell library contained the following spells:

 Spells                   Type           Power      Damage    Failure   Level
 Apportation              Tloc           0%         N/A       71%         1
 Alistair's Intoxication  Tmut/Pois      0%         N/A       100%        5


Dungeon Overview and Level Annotations

Branches:
Dungeon (3/15) Zot: 1191

Altars:


Innate Abilities, Weirdness & Mutations

You passively map a small area around you.
You are easily found by Zot.
You glow in the dark.
You regain HP and MP as you explore.


Message History

You closely miss the orc.
The orc is almost dead.
The orc hits you with a +0 club.
The orc priest calls upon Beogh to heal the orc.
The orc is healed somewhat.
You hit the orc.
The orc is severely wounded.
You hit the orc.
You kill the orc!
The orc priest calls upon Beogh to heal the orc.
The orc's wounds heal themselves!
The orc unwields a +0 club.
The orc wields a +0 orcbow.
The orc shoots an arrow.
The arrow hits you. The orc priest closely misses you.
You closely miss the orc priest.
The orc priest hits you with a +0 short sword.
* * * LOW HITPOINT WARNING * * *
You barely miss the orc priest.
The orc priest calls down the wrath of Beogh upon you.
Pain shoots through your body!
* * * LOW HITPOINT WARNING * * *
Unknown command.
You closely miss the orc priest.
The orc priest hits you with a +0 short sword.
* * * LOW HITPOINT WARNING * * *
You slash the orc priest!
The orc priest is almost dead.
The orc priest hits you with a +0 short sword.
* * * LOW HITPOINT WARNING * * *
The orc priest hits you but does no damage.
You hit the orc priest.
You kill the orc priest!
The orc shoots an arrow.
You block the arrow.
Your Long Blades skill increases to level 5!
You have reached level 4!
You slash the orc!
You kill the orc!
The orc shoots an arrow.
The arrow hits you.
* * * LOW HITPOINT WARNING * * *
The orc shoots an arrow.
The arrow hits you.
You die...

#.# ## #.# #. ## * *
#.# #.* #.. #.##. *
...## #######.#.##
*#.... *
.....#...#.###.#o.#
# #[.......#.#
..#.##. , ,
###...#.#.###.......
##.##....@)o# , ,
#.##########* * *
#.# ##'## ,* *
##...## * ##.....##
,* #...<...#
#.........# * * * ,
+.........+ , ,


You could see an orc.

Vanquished Creatures
  An orc priest (D:3)
  An adder (D:2)
  2 orcs (D:3)
  2 bats
  3 endoplasms
  A giant cockroach (D:1)
  6 goblins
  A quokka (D:1)
  2 ball pythons
  2 frilled lizards
  A kobold (D:1)
  3 rats
25 creatures vanquished.

Notes
Turn   | Place    | Note
-------+----------+-------------------------------------------
     0 | D:1      | lunkers the Meteoran Wanderer began the quest for the Orb.
     0 | D:1      | lunkers set off with the following items: a +1 long sword,
                  | a +0 buckler, a scroll of blinking, a +0 leather armour.
     0 | D:1      | Reached XP level 1. HP: 23/23 MP: 2/2
   138 | D:1      | Reached XP level 2. HP: 26/29 MP: 3/3
   387 | D:2      | Reached XP level 3. HP: 16/36 MP: 4/4
   589 | D:3      | Reached skill level 5 in Long Blades
   589 | D:3      | Reached XP level 4. HP: 7/42 MP: 5/5
   589 | D:3      | HP: 1/42 [orc/arrow (6)]
   589 | D:3      | Shot with an arrow by an orc

Illustrated notes

Levels and vault maps discovered:
D:1:      dpeg_arrival_connections, layout_basic, minmay_liquid_box,
          grunt_decor_mini_mirrors
D:2:      layout_loops_cross, minmay_misc_feat_diagonals
D:3:      layout_loops_corners, gammafunk_temple_overflow_wave, minmay_between,
          uniq_natasha, uniq_sigmund

Skill      XL: |  1  2  3 |
---------------+----------+-----
Long Blades    | 3 4 5 |  5.1
Fighting       | |  5.4
Throwing       | |  1.2
Stealth        | |  1.0
Shields        | |  1.2

Action                     |  1- 3 |  4- 6 || total
---------------------------+-------+-------++-------
  Melee: Long sword        |    62 |     1 ||    63
 Armour: Leather armour    |     2 |       ||     2
         Ring mail         |    22 |       ||    22
  Dodge: Dodged            |    25 |       ||    25
  Block: Buckler           |    17 |       ||    17

Table legend: (Time is in decaauts)
 A = Elapsed time spent in this place.
 B = Non-inter-level travel time spent in this place.
 C = Inter-level travel time spent in this place.
 D = Time resting spent in this place.
 E = Time spent auto-exploring this place.
 F = Levels seen in this place.
 G = Mean time per level.
                   A        B        C        D        E       F      G
               +--------+--------+--------+--------+--------+-----+--------+
         Total |    607 |    588 |     19 |      0 |    382 |   3 |  202.3 |
       Dungeon |    607 |    588 |     19 |      0 |    382 |   3 |  202.3 |
               +--------+--------+--------+--------+--------+-----+--------+

Top non-repeatable levels by time:
     D:1: 368 daAuts
     D:2: 205 daAuts
     D:3: 33 daAuts
